 Dungeon Crawl Stone Soup version 0.30.1-11-g7821555f0a (webtiles) character file.

Game seed: 17500863565591076339

72946 booth the Severer (level 15, -1/143 HPs)
             Began as a Minotaur Fighter on Dec 6, 2023.
             Was the Champion of Qazlal.
             Killed from afar by a starcursed mass (9 damage)
             ... with an accursed screaming
             ... on level 2 of the Abyss on Dec 10, 2023.
             The game lasted 02:21:13 (20740 turns).

booth the Severer (Minotaur Fighter)               Turns: 20740, Time: 02:21:14

Health: -1/143     AC: 27    Str: 30    XL:     15   Next: 2%
Magic:  12/20      EV:  7    Int:  4    God:    Qazlal [******]
Gold:   1451       SH: 16    Dex: 21    Spells: 14/14 levels left

rFire   + . .        C - +1 broad axe "Qaleron" {vamp, Dex+2}
rCold   x . .        u - +0 buckler of Integrity {rF+ Dex+4}
rNeg    + + +        Y - +1 plate armour {Will+}
rPois   +            (helmet unavailable)
rElec   +            P - +1 cloak
rCorr   .            V - +2 pair of gloves "Budeck" {rElec rN+++}
SInv    .            e - +1 pair of boots
Will    ++...        R - amulet of the acrobat Stlth
                     t - +6 ring of strength
HPRegen 0.00/turn    J - ring of poison resistance
MPRegen 0.17/turn

%: repel missiles, acrobat
@: protected from physical damage, sick
A: horns 3, retaliatory headbutt, iridescent scales 1, agile 1, dopey 1, cold
vulnerability 1
a: Renounce Religion, Upheaval, Elemental Force, Disaster Area


You were on level 2 of the Abyss.
You worshipped Qazlal.
Qazlal was exalted by your worship.
You visited 4 branches of the dungeon, and saw 19 of its levels.
You visited the Abyss 1 time.
You also visited: Ossuary.

You collected 1616 gold pieces.
You spent 165 gold pieces at shops.

Inventory:

Hand Weapons
 a - a +4 war axe of freezing
 C - the +1 broad axe "Qaleron" (weapon) {vamp, Dex+2}
   (You acquired it on level 3 of the Lair of Beasts)

   Dex:       It affects your dexterity (+2).
 N - the +9 morningstar of Victory {heavy, Will+}
   (You found it on level 3 of the Lair of Beasts)

   Will:      It increases your willpower.
Missiles
 b - 3 curare-tipped darts
 o - 8 javelins
 s - 8 atropa-tipped darts
 w - 2 throwing nets
 y - 22 poisoned darts (quivered)
 Z - 6 boomerangs of dispersal
Armour
 c - the +3 crown of Dyrovepreva {rElec Int+2 SInv}
   (You found it on level 4 of the Lair of Beasts)

   Int:       It affects your intelligence (+2).
   rElec:     It insulates you from electricity.
   SInv:      It lets you see invisible.
 e - a +1 pair of boots (worn)
 u - the +0 buckler of Integrity (worn) {rF+ Dex+4}
   (You found it on level 2 of the Dungeon)

   Dex:       It affects your dexterity (+4).
   rF:        It protects you from fire.
 K - a +1 chain mail of poison resistance
 P - a +1 cloak (worn)
 V - the +2 pair of gloves "Budeck" (worn) {rElec rN+++}
   (You acquired it on level 3 of the Lair of Beasts)

   rElec:     It insulates you from electricity.
   rN:        It renders you almost immune to negative energy.
 Y - a +1 plate armour of willpower (worn)
Jewellery
 p - the ring "Puassakaz" {rN+ rCorr MP+9 Str-5 Int+3}
   (You found it on level 2 of the Dungeon)

   [ring of magical power]

   Str:       It affects your strength (-5).
   Int:       It affects your intelligence (+3).
   rN:        It protects you from negative energy.
   MP:        It affects your magic capacity (+9).
   rCorr:     It protects you from acid and corrosion.
 t - a +6 ring of strength (left hand)
 A - a ring of flight
 J - a ring of poison resistance (right hand)
 R - an amulet of the acrobat (around neck)
 W - an amulet of guardian spirit
Wands
 n - a wand of polymorph (4)
 q - a wand of flame (22)
 v - a wand of light (7)
 B - a wand of charming (20)
 E - a wand of roots (10)
 L - a wand of digging (8)
Scrolls
 f - 6 scrolls of immolation
 g - 6 scrolls of poison
 k - 5 scrolls of fog
 r - a scroll of summoning
 F - 2 scrolls of magic mapping
 H - 2 scrolls of vulnerability
 I - 2 scrolls of silence
 O - 4 scrolls of teleportation
 T - a scroll of blinking
 X - 2 scrolls of identify
Potions
 d - 5 potions of might
 h - 13 potions of curing
 i - 4 potions of berserk rage
 j - 2 potions of ambrosia
 l - 4 potions of haste
 m - 2 potions of resistance
 x - 3 potions of lignification
 z - 4 potions of brilliance
 D - 4 potions of flight
 G - 2 potions of cancellation
Miscellaneous
 Q - a piece from Xom's chessboard (15/15)
 S - a lightning rod (4/4)
 U - a phantom mirror


   Skills:
 + Level 15.8 Fighting
 - Level 16.4(17.1) Axes
 + Level 8.4(13.4) Maces & Flails
 + Level 10.3 Throwing
 - Level 7.1 Armour
 + Level 11.4 Shields
 + Level 9.0 Invocations
 + Level 6.3 Evocations


You had 14 spell levels left.
You didn't know any spells.
Your spell library contained the following spells:

 Spells                   Type           Power      Damage    Failure   Level
 Apportation              Tloc           0%         N/A       99%         1
 Inner Flame              Hex/Fire       0%         N/A       100%        3
 Volatile Blastmotes      Fire/Tloc      0%         2d10      100%        3
 Flame Wave               Conj/Fire      0%         2d4       100%        4
 Fulminant Prism          Conj/Hex       0%         3d5       100%        4
 Iskenderun's Mystic Bla  Conj/Tloc      0%         2d3       100%        4
 Manifold Assault         Tloc           0%         N/A       100%        4
 Olgreb's Toxic Radiance  Pois           0%         N/A       100%        4
 Sticky Flame             Conj/Fire      0%         2d3       100%        4
 Alistair's Intoxication  Tmut/Pois      0%         N/A       100%        5
 Lee's Rapid Deconstruct  Erth           0%         3d4*      100%        5
 Summon Forest            Summ/Tloc      0%         N/A       100%        5
 Dispersal                Tloc           0%         N/A       100%        6
 Eringya's Noxious Bog    Tmut/Pois      0%         N/A       100%        6
 Summon Hydra             Summ           0%         N/A       100%        7
 Discord                  Hex            0%         N/A       100%        8
 Disjunction              Tloc           0%         N/A       100%        8
 Ignition                 Fire           0%         3d3       100%        8


Dungeon Overview and Level Annotations

Branches:
Dungeon (11/15)            Temple (1/1) D:6            Lair (5/5) D:11
  Swamp (0/4) Lair:2       Spider (0/4) Lair:2        Slime (0/5) Lair:5
    Orc (2/2) D:11            Elf (0/3) Orc:2       Ossuary (visited)

Altars:
Ashenzari
Cheibriados
Dithmenos
Elyvilon
Fedhas
Gozag
Hepliaklqana
Kikubaaqudgha
Makhleb
Nemelex Xobeh
Okawaru
Qazlal
Ru
Sif Muna
Trog
Uskayaw
Vehumet
Wu Jian
Xom
Yredelemnul
Zin
The Shining One
Ignis
Lugonu

Shops:
D:2 [   D:6 :

Portals:
Abyss: Lair:5

Annotations:
D:3 2 transporters, Grendle's ghost, amateur FoFi
D:5 2 transporters, cowcol's ghost, novice MiFi
Lair:4 1 runed translucent door, cowcol's ghost, journeyman MiFi
Lair:5 1 runed translucent door


Innate Abilities, Weirdness & Mutations

You have a pair of large horns on your head.
You reflexively headbutt those who attack you in melee.
You are partially covered in iridescent scales. (AC +2)
You are agile. (Dex +4, Str/Int -1)
You are dopey. (Int -2)
You are vulnerable to cold. (rC-)


Message History

Qazlal accepts your kill.
You slash the starcursed mass!
The starcursed mass is almost destroyed.
The starcursed mass shudders and is absorbed by its neighbour.
A deafening chorus of shrieks assaults your mind!
* * * LOW HITPOINT WARNING * * *
You suddenly lose the ability to move!
The starcursed mass touches you.
* * * LOW HITPOINT WARNING * * *
You feel more protected from physical attacks.
You can move again.
You completely miss the starcursed mass.
You headbutt the starcursed mass!
The starcursed mass is almost destroyed.
You hit the starcursed mass but do no damage.
The starcursed mass shudders and is absorbed by its neighbour.
A starcursed mass splits.
Activating: Disaster Area (9% risk of failure)
Press: ? - help, Dir - look around, f - activate Nature churns violently around you!
The blast of ice hits the starcursed mass!!
You destroy the starcursed mass!
Qazlal accepts your kill.
The blast of ice hits the starcursed mass!!
You destroy the starcursed mass!
Qazlal accepts your kill.
The blast of ice hits the orange demon!
The orange demon is lightly wounded.
The orange demon is flash-frozen.
The blast of ice hits the starcursed mass!!
You destroy the starcursed mass!
Qazlal accepts your kill.
The blast of ice hits the starcursed mass!!
You destroy the starcursed mass!
Qazlal accepts your kill.
The blast of magma engulfs the starcursed mass!
The starcursed mass is moderately damaged.
The starcursed mass shudders and is absorbed by its neighbour.
A chorus of shrieks assaults your mind.
You die... ## ..... .. . # #... . .( #.. . .. ## X#X

. ... .. ..
. #.#. .. .
#.####4##
...
#.§§#§.##...
#.†○# . .
##.@#. # #
#### # . . #
...


You could see 2 starcursed masses and an orange demon (frozen).

Vanquished Creatures
  An orc warlord (Orc:2)
  Snorg (D:11)
  5 hydras
  A catoblepas (Lair:1)
  Erica (D:8)
  A boulder beetle (Lair:3)
  5 two-headed ogres
  3 thrashing horrors (Lair:5)
  6 death yaks (Lair:3)
  An orc high priest (Orc:2)
  Sonja (D:10)
  A skyshark (Lair:5)
  Lodul (D:11)
  Pikel (D:7)
  A fenstrider witch simulacrum (Abyss:2)
  An ugly thing (Lair:5)
  3 orc sorcerers (Orc:2)
  A will-o-the-wisp (Abyss:2)
  10 elephants
  3 cyclopes
  5 black mambas
  15 cane toads
  6 rime drakes
  2 smoke demons (Lair:5)
  13 komodo dragons
  An unseen horror (D:11)
  3 ancient zymes
  2 efreet (Abyss:2)
  7 trolls
  A polar bear (Lair:3)
  Grinder (D:5)
  2 hornets
  8 dream sheep
  8 raiju (Abyss:2)
  15 blink frogs
  A ynoxinul (Lair:5)
  3 shadows (D:11)
  A slime creature (shapeshifter) (Lair:5)
  A spriggan (Lair:5)
  A jumping spider (Lair:2)
  A vampire (Abyss:2)
  A wyvern (D:7)
  3 chaos spawn (Lair:5)
  6 basilisks
  76 yaks
  5 large abominations
  A neqoxec (Abyss:2)
  A redback (Lair:2)
  3 steam dragons
  2 wargs
  2 acid dragons
  3 swamp worms (Lair:2)
  21 water moccasins
  21 orc warriors
  6 sky beasts
  10 ogres
  22 wolves
  5 centaurs
  2 phantoms
  2 elf zombies (Ossuary)
  2 kobold brigands (D:8)
  6 bullfrogs
  2 scorpions (D:5)
  12 killer bees
  10 small abominations
  A troll zombie (Ossuary)
  8 howler monkeys
  2 centaur zombies (Ossuary)
  A human zombie (Ossuary)
  14 orc priests
  3 hounds
  12 starcursed masses (Abyss:2)
  2 sleepcaps
  An iguana (D:6)
  14 orc wizards
  10 ogre zombies
  7 mummies (Ossuary)
  7 gnolls
  7 adders
  3 white imps
  An ufetubus (D:7)
  4 adder zombies (Ossuary)
  A worm (D:5)
  35 orcs
  9 ball pythons
  4 endoplasms
  2 giant cockroaches
  12 hobgoblins
  2 jackals (D:3)
  17 kobolds
  3 quokkas (D:1)
  5 bats
  2 frilled lizards (D:2)
  A gnoll zombie (Ossuary)
  15 goblins
  2 goblin skeletons (D:11)
  8 goblin zombies
  2 hobgoblin skeletons (D:11)
  7 hobgoblin zombies
  3 kobold zombies (Ossuary)
  3 orc skeletons (D:11)
  12 orc zombies (D:11)
  A quokka zombie (Ossuary)
  10 rats
  4 rat zombies (Ossuary)
626 creatures vanquished.

Vanquished Creatures (collateral kills)
  An orc wizard (Orc:2)
1 creature vanquished.

Vanquished Creatures (others)
  A small abomination (Abyss:2)
  2 foxfires (Abyss:2)
  A lurking horror (Abyss:2)
4 creatures vanquished.

Grand Total: 631 creatures vanquished

Notes
Turn   | Place    | Note
-------+----------+-------------------------------------------
     0 | D:1      | booth the Minotaur Fighter began the quest for the Orb.
     0 | D:1      | Reached XP level 1. HP: 19/19 MP: 0/0
   268 | D:1      | Reached XP level 2. HP: 27/27 MP: 1/1
   710 | D:1      | Reached skill level 3 in Axes
  1415 | D:2      | Reached XP level 3. HP: 33/33 MP: 2/2
  1425 | D:2      | Identified the ring "Puassakaz" {rN+ rCorr MP+9 Str-5
                  | Int+3}
  1646 | D:2      | Found a faded altar of an unknown god.
  1652 | D:2      | Reached skill level 4 in Axes
  1980 | D:2      | Reached XP level 4. HP: 41/41 MP: 3/3
  2086 | D:2      | Identified the +0 buckler of Integrity {rF+ Dex+4}
  2157 | D:2      | Found Ilyodadgh's Antique Armour Shoppe.
  2466 | D:2      | Gained mutation: You are frail. (-10% HP) [potion of
                  | mutation]
  2466 | D:2      | Gained mutation: You are occasionally teleported next to
                  | monsters. [potion of mutation]
  2681 | D:3      | You fall into a shaft and drop 2 floors!
  2681 | D:5      | Entered Level 5 of the Dungeon
  2834 | D:5      | Noticed a phantom
  2852 | D:5      | Killed a phantom
  2853 | D:5      | Reached skill level 5 in Fighting
  2853 | D:5      | Reached skill level 5 in Axes
  2853 | D:5      | Reached XP level 5. HP: 30/43 MP: 4/4
  2907 | D:5      | Noticed cowcol's ghost (novice MiFi)
  2941 | D:5      | Noticed Grinder
  2956 | D:5      | Killed Grinder
  2957 | D:5      | Reached skill level 6 in Axes
  2957 | D:5      | Reached XP level 6. HP: 51/51 MP: 1/5
  3205 | D:5      | Reached skill level 7 in Axes
  3218 | D:5      | Found a transporter.
  3218 | D:5      | Found a transporter.
  3542 | D:3      | Lost mutation: You are frail. (-10% HP) [potion of
                  | mutation]
  3542 | D:3      | Lost mutation: You are occasionally teleported next to
                  | monsters. [potion of mutation]
  3542 | D:3      | Gained mutation: You occasionally lose the ability to drink
                  | potions when taking damage. [potion of mutation]
  3578 | D:3      | Reached XP level 7. HP: 63/63 MP: 6/6
  3764 | D:3      | Found a blossoming altar of Fedhas.
  3768 | D:3      | Found an ancient bone altar of Kikubaaqudgha.
  3987 | D:3      | Found a transporter.
  3989 | D:3      | Identified the +1 dire flail "Fefi" {holy, Fragile rPois
                  | Will+ Dex+3}
  3990 | D:3      | Noticed Grendle's ghost (amateur FoFi)
  4186 | D:3      | Found a transporter.
  4501 | D:4      | Found a basalt altar of Yredelemnul.
  4616 | D:4      | Reached skill level 8 in Axes
  5259 | D:5      | Lost mutation: You occasionally lose the ability to drink
                  | potions when taking damage. [potion of mutation]
  5259 | D:5      | Gained mutation: You are agile. (Dex +4, Str/Int -1)
                  | [potion of mutation]
  5259 | D:5      | Gained mutation: You are partially covered in iridescent
                  | scales. (AC +2) [potion of mutation]
  5259 | D:5      | Gained mutation: You are dopey. (Int -2) [potion of
                  | mutation]
  5646 | D:5      | Identified the +7 dagger "Goblinslayer" {heavy, Str+3
                  | Int+3}
  5775 | D:6      | Reached skill level 9 in Axes
  5826 | D:6      | Reached XP level 8. HP: 63/73 MP: 7/7
  6002 | D:6      | Found Jusigiy's Book Shop.
  6093 | D:2      | Bought a pair of glowing gloves for 165 gold pieces
  6171 | D:6      | Identified the +2 scale mail of the Butcher {rPois Str-3
                  | Dex+3}
  6236 | D:6      | Reached skill level 10 in Axes
  6458 | D:6      | Found a staircase to the Ecumenical Temple.
  6473 | Temple   | Entered the Ecumenical Temple
  6556 | Temple   | Prayed at the altar of an unknown god.
  6556 | Temple   | Became a worshipper of Qazlal Stormbringer
  6556 | Temple   | Reached * piety under Qazlal
  6678 | D:6      | Reached skill level 11 in Axes
  6779 | D:7      | Found a sand-covered staircase.
  6803 | D:7      | Reached XP level 9. HP: 61/82 MP: 8/8
  6816 | Ossuary  | Entered an ossuary
  7180 | Ossuary  | Reached ** piety under Qazlal
  7181 | Ossuary  | Reached skill level 12 in Axes
  7813 | D:7      | Found a white marble altar of Elyvilon.
  7840 | D:7      | Noticed a +0 falchion
  7840 | D:7      | Noticed a +0 dagger
  7840 | D:7      | Noticed a +0 falchion
  7841 | D:7      | Noticed a +0 short sword
  7843 | D:7      | Noticed a +0 spear
  7844 | D:7      | Noticed a +0 dagger
  7844 | D:7      | Noticed a +0 short sword
  7844 | D:7      | Noticed a +0 spear
  7877 | D:7      | Found a hide-covered altar of Uskayaw.
  8079 | D:7      | Found a sparkling altar of Nemelex Xobeh.
  8090 | D:7      | Reached skill level 13 in Axes
  8157 | D:7      | Noticed Pikel
  8163 | D:7      | Killed Pikel
  8164 | D:7      | Reached skill level 10 in Fighting
  8173 | D:7      | Identified the +7 spear of Denk {spect, rElec Str+3}
  8390 | D:8      | Found a glowing silver altar of Zin.
  8420 | D:8      | Noticed an angel
  8425 | D:8      | Found a shimmering altar of Xom.
  8559 | D:8      | Reached skill level 14 in Axes
  8559 | D:8      | Reached XP level 10. HP: 92/94 MP: 9/9
  8562 | D:8      | Noticed Erica
  8571 | D:8      | Killed Erica
  8571 | D:8      | Reached *** piety under Qazlal
  8572 | D:8      | Reached skill level 1 in Throwing
  8823 | D:8      | Noticed a cyclops
  8958 | D:8      | Found a glowing golden altar of the Shining One.
  9227 | D:9      | Reached skill level 5 in Armour
  9441 | D:9      | Found a sacrificial altar of Ru.
  9606 | D:9      | Noticed a cyclops
  9628 | D:9      | Killed a cyclops
  9645 | D:9      | Noticed a two-headed ogre
  9654 | D:9      | Killed a two-headed ogre
  9655 | D:9      | Reached XP level 11. HP: 34/104 MP: 10/10
  9884 | D:9      | Reached skill level 15 in Axes
 10455 | D:10     | Entered Level 10 of the Dungeon
 10472 | D:10     | Noticed Sonja
 10488 | D:10     | Killed Sonja
 10498 | D:10     | Reached skill level 1 in Invocations
 10510 | D:10     | Reached skill level 5 in Throwing
 10703 | D:10     | Reached **** piety under Qazlal
 10922 | D:10     | Reached skill level 5 in Shields
 10993 | D:10     | Noticed a two-headed ogre
 11002 | D:10     | Killed a two-headed ogre
 11444 | D:11     | Noticed Lodul
 11459 | D:11     | Killed Lodul
 11486 | D:11     | Noticed a two-headed ogre
 11498 | D:11     | Killed a two-headed ogre
 11499 | D:11     | Reached XP level 12. HP: 44/115 MP: 13/13
 11513 | D:11     | Reached ***** piety under Qazlal
 11709 | D:11     | Noticed Snorg
 11723 | D:11     | Killed Snorg
 11893 | D:11     | Reached skill level 16 in Axes
 11980 | D:11     | Found a staircase to the Orcish Mines.
 12294 | D:11     | Found a staircase to the Lair.
 12605 | Lair:1   | Entered Level 1 of the Lair of Beasts
 12651 | Lair:1   | Noticed a catoblepas
 12668 | Lair:1   | Killed a catoblepas
 12957 | Lair:1   | Reached skill level 5 in Invocations
 13623 | Lair:2   | Found a hole to the Spider Nest.
 13646 | Lair:2   | Reached skill level 1 in Maces & Flails
 13648 | Lair:2   | Reached skill level 1 in Evocations
 14219 | Lair:2   | Found a staircase to the Swamp.
 14505 | Lair:2   | You fall into a shaft and drop 2 floors!
 14518 | Lair:3   | Reached XP level 13. HP: 123/123 MP: 16/16
 15649 | Lair:3   | Identified a scroll of acquirement
 15658 | Lair:3   | Acquired the +2 pair of gloves "Budeck" {rElec rN+++}
 15708 | Lair:3   | Acquired the +1 broad axe "Qaleron" {vamp, Dex+2}
 15981 | Lair:3   | Reached ****** piety under Qazlal
 16349 | Lair:3   | Identified the +9 morningstar of Victory {heavy, Will+}
 16885 | Lair:4   | Reached skill level 5 in Maces & Flails
 17260 | Lair:4   | Found a runed translucent door.
 17261 | Lair:4   | Noticed cowcol's ghost (journeyman MiFi)
 17370 | Lair:4   | Found the +3 crown of Dyrovepreva {rElec Int+2 SInv}
 17997 | Lair:5   | Entered Level 5 of the Lair of Beasts
 18134 | Lair:5   | Reached XP level 14. HP: 132/133 MP: 18/18
 18138 | Lair:5   | Reached skill level 10 in Shields
 18277 | Lair:5   | Found a runed translucent door.
 18277 | Lair:5   | Noticed an acid blob
 18278 | Lair:5   | Found a staircase to the Slime Pits.
 18489 | Lair:5   | Reached skill level 15 in Fighting
 18524 | Lair:5   | Reached skill level 5 in Evocations
 19452 | Lair:5   | Identified the +4 trident "Cofearepe" {drain, Str+3 Dex+5}
 19534 | Lair:5   | Found a corrupted altar of Lugonu.
 19534 | Lair:5   | Found a one-way gate to the infinite horrors of the Abyss.
 20051 | Orc:1    | Entered Level 1 of the Orcish Mines
 20287 | Orc:2    | Entered Level 2 of the Orcish Mines
 20287 | Orc:2    | Noticed an orc warlord
 20287 | Orc:2    | Found a staircase to the Elven Halls.
 20296 | Orc:2    | Reached skill level 10 in Throwing
 20301 | Orc:2    | Killed an orc warlord
 20468 | Orc:2    | Noticed an orc warlord
 20476 | Abyss:2  | Cast into level 2 of the Abyss (orc warlord)
 20584 | Abyss:2  | Gained mutation: You have a pair of large horns on your
                  | head. [a neqoxec]
 20590 | Abyss:2  | Gained mutation: You are vulnerable to cold. (rC-) [a
                  | neqoxec]
 20697 | Abyss:2  | Reached XP level 15. HP: 109/143 MP: 20/20
 20720 | Abyss:2  | Paralysed by accursed screaming for 1 turns
 20737 | Abyss:2  | Paralysed by accursed screaming for 1 turns
 20740 | Abyss:2  | Killed from afar by a starcursed mass

Illustrated notes

Levels and vault maps discovered:
D:1:      dpeg_arrival_three_same_balls, layout_basic
D:2:      layout_loops_corners, serial_shops, nicolae_shop_back_alley_shop,
          nicolae_ecumenical_oubliette, serial_co_window_serial,
          co_window_paths_a, co_window_corner_a, co_window_paths_a,
          co_window_of_opportunity_a, co_window_corner_a, co_window_corner_b,
          co_window_corner_cb, co_window_broadway_c, co_window_paths_d,
          glass_columns_b
D:3:      layout_basic, grunt_temple_overflow_growth_and_decay,
          gammafunk_ghost_smash
D:4:      layout_gridville, mainiacjoe_overflow_small_starburst
D:5:      layout_cave_pods, gammafunk_ghost_hive, uniq_grinder
D:6:      layout_rooms, temple_green, serial_shops, shop
D:7:      layout_basic, general_overflow_altar,
          mainiacjoe_overflow_surrounded_room, nicolae_uskayaw_en_pointe,
          enter_ossuary_1, enter_bailey_3, uniq_pikel
D:8:      layout_loops_ring, grunt_temple_overflow_order_and_chaos_1, tso_altar,
          lightli_corner_chamber, uniq_erica
D:9:      layout_stronghold, lemuel_crystal_altar
D:10:     layout_cave_pools, uniq_sonja
D:11:     layout_loops_cross, lair_entry_dummy, zombieorc2_lemuel, uniq_lodul,
          uniq_snorg
Temple:   ebering_untended_altars
Lair:1:   layout_small_grid
Lair:2:   layout_layer_cave, minmay_swamp_entry_worms, spider_nest_entry_a,
          beast_lair_carwin_2
Lair:3:   layout_layer_cave, minmay_shattered_shrine
Lair:4:   layout_layer_cave, gammafunk_ghost_grave, grunt_megastairs_1
Lair:5:   hellmonk_lair_end_abyssal_woods, layout_gridlike, slime_entry_2
Orc:1:    layout_diamond_mine
Orc:2:    st_orc_congregation, layout_caves, gammafunk_ghost_fury_of_okawaru
Abyss:2:  base:
D:1

Skill      XL: |  1  2  3  4  5  6  7  8  9 10 11 12 13 14 |
---------------+-------------------------------------------+-----
Axes           | 3 4 5 6 7 9 11 14 15 16 | 16.4
Fighting       | 4 5 6 7 8 10 11 13 14 15 | 15.8
Throwing       | 4 6 7 9 10 | 10.3
Armour         | 6 7 |  7.1
Shields        | 6 8 9 11 | 11.4
Invocations    | 3 6 7 9 |  9.0
Maces & Flails | 2 6 8 |  8.4
Evocations     | 2 4 6 |  6.3

Action                     |  1- 3 |  4- 6 |  7- 9 | 10-12 | 13-15 || total
---------------------------+-------+-------+-------+-------+-------++-------
  Melee: War axe           |    95 |    70 |   280 |   413 |    56 ||   914
         Headbutt          |    14 |    12 |    65 |   116 |   173 ||   380
         Unarmed           |       |     6 |       |       |       ||     6
         Broad axe         |       |       |       |       |   511 ||   511
         Mace              |       |       |       |       |    24 ||    24
         Morningstar       |       |       |       |       |     6 ||     6
  Throw: Dart              |       |       |     5 |    29 |    14 ||    48
         Javelin           |       |       |     4 |     7 |     1 ||    12
 Invoke: Upheaval          |       |       |       |       |     2 ||     2
         Disaster Area     |       |       |       |       |     2 ||     2
         Elemental Force   |       |       |       |       |     1 ||     1
  Evoke: Phantom mirror    |       |       |       |     1 |       ||     1
    Use: Scroll            |     4 |     2 |    14 |     6 |     5 ||    31
         Potion            |     1 |     3 |     2 |     1 |     3 ||    10
 Armour: Scale mail        |    48 |    32 |    93 |       |       ||   173
         Chain mail        |       |       |     9 |   135 |   147 ||   291
         Plate armour      |       |       |       |       |    92 ||    92
  Dodge: Dodged            |    26 |    25 |    71 |    96 |   162 ||   380
         Repelled          |       |       |       |       |     3 ||     3
  Block: Buckler           |    27 |    15 |    75 |   173 |   414 ||   704
